PAAA
NAPERVILLE BATTLEKINGS @ ELLENBURG FIGHTING DACHSUNDS
07/02/2020
 
TOP OF THE 1ST
Naperville Battlekings batting - Pitching for Ellenburg Fighting Dachsunds : RHP Greg Beaver
Pitching: RHP Greg Beaver
Batting: RHB Carlos Gómez 0-0: Ball
1-0: Ball
2-0: Ball
3-0: Base on Balls
Batting: RHB Sal Haynes 0-0: Ball
1-0: Swinging Strike
1-1: Foul Ball, location: 2F
1-2: Foul Ball, location: 2F
1-2: SINGLE (Line Drive, 8LS)
Carlos Gómez to second
Runner from 2nd tries for 3rd, OUT after rundown.
Batting: LHB Vicente Martínez Pickoff Throw to First - Out!
0-0: Fly out, F7 (Flyball, 7M)
Top of the 1st over - 0 run(s), 1 hit(s), 0 error(s), 0 left on base; Naperville 0 - Ellenburg 0
BOTTOM OF THE 1ST
Ellenburg Fighting Dachsunds batting - Pitching for Naperville Battlekings : RHP David Auchinleck
Pitching: RHP David Auchinleck
Batting: LHB Chris West 0-0: Called Strike
0-1: Called Strike
0-2: Ground out 4-3 (Groundball, 4)
Batting: SHB Ken Osborne 0-0: Ball
1-0: SINGLE (Groundball, 6M)
Batting: RHB Anthony Johnston 0-0: Ball
1-0: Called Strike
Ken Osborne is caught stealing 2nd base
1-1: Fly out, F7 (Line Drive, 78M)
Bottom of the 1st over - 0 run(s), 1 hit(s), 0 error(s), 0 left on base; Naperville 0 - Ellenburg 0
TOP OF THE 2ND
Naperville Battlekings batting - Pitching for Ellenburg Fighting Dachsunds : RHP Greg Beaver
Batting: RHB Joe Ferneyhough 0-0: Swinging Strike
0-1: SINGLE (Groundball, 4MD)
Batting: RHB Tony Sánchez 0-0: Ground out 4-3 (Groundball, 4S)
Joe Ferneyhough to second
Batting: SHB Avery Little 0-0: Foul Ball, location: 2F
0-1: Foul Ball, location: 2F
0-2: Ball
1-2: Fly out, F6 (Line Drive, 6)
Batting: RHB Kevin Tyler 0-0: Foul Ball, location: 2F
0-1: Called Strike
0-2: Ball
1-2: Strikes out swinging
Top of the 2nd over - 0 run(s), 1 hit(s), 0 error(s), 1 left on base; Naperville 0 - Ellenburg 0
BOTTOM OF THE 2ND
Ellenburg Fighting Dachsunds batting - Pitching for Naperville Battlekings : RHP David Auchinleck
Batting: LHB Matt Mitchell 0-0: Ball
1-0: Foul Ball, location: 2F
1-1: Ball
2-1: Ball
3-1: Base on Balls
Batting: RHB Francisco Gonzáles 0-0: Foul Ball, location: 2F
0-1: Grounds into double play, 4-6-3 (Groundball, 4)
Batting: RHB Vicente Díaz 0-0: Ball
1-0: Swinging Strike
1-1: Foul Ball, location: 2F
1-2: Ball
2-2: Ground out 5-3 (Groundball, 5S)
Bottom of the 2nd over - 0 run(s), 0 hit(s), 0 error(s), 0 left on base; Naperville 0 - Ellenburg 0
TOP OF THE 3RD
Naperville Battlekings batting - Pitching for Ellenburg Fighting Dachsunds : RHP Greg Beaver
Batting: LHB Mal Cobb 0-0: Foul Ball, location: 2F
0-1: Foul Ball, location: 2F
0-2: Foul Ball, location: 2F
0-2: Foul Ball, location: 2F
0-2: Strikes out swinging
Batting: RHB Otso Tuulari 0-0: Fly out, F5 (Line Drive, 56)
Batting: RHB Carlos Gómez 0-0: Ball
1-0: Swinging Strike
1-1: Called Strike
1-2: Fly out, F3 (Popup, 3F)
Top of the 3rd over - 0 run(s), 0 hit(s), 0 error(s), 0 left on base; Naperville 0 - Ellenburg 0
BOTTOM OF THE 3RD
Ellenburg Fighting Dachsunds batting - Pitching for Naperville Battlekings : RHP David Auchinleck
Batting: LHB Maxwell Ings 0-0: SOLO HOME RUN (Flyball, 9D), Distance : 373 ft
Batting: LHB Homer Bell 0-0: Ground out 4-3 (Groundball, 4M)
Batting: RHB Mike Neal 0-0: Called Strike
0-1: Ball
1-1: Ball
2-1: Ball
3-1: Called Strike
3-2: Ground out 2-3 (Groundball, 2L)
Batting: LHB Chris West 0-0: Ball
1-0: Foul Ball, location: 2F
1-1: Swinging Strike
1-2: Strikes out looking
Bottom of the 3rd over - 1 run(s), 1 hit(s), 0 error(s), 0 left on base; Naperville 0 - Ellenburg 1
TOP OF THE 4TH
Naperville Battlekings batting - Pitching for Ellenburg Fighting Dachsunds : RHP Greg Beaver
Batting: RHB Sal Haynes 0-0: Swinging Strike
0-1: Ball
1-1: Foul Ball, location: 2F
1-2: Foul Ball, location: 2F
1-2: Foul Ball, location: 2F
1-2: Fly out, F4 (Line Drive, 4)
Batting: LHB Vicente Martínez 0-0: Called Strike
0-1: Ball
1-1: Foul Ball, location: 2F
1-2: Ball
2-2: Fly out, F7 (Line Drive, 7M)
Batting: RHB Joe Ferneyhough 0-0: Foul Ball, location: 2F
0-1: Swinging Strike
0-2: Ball
1-2: Ball
2-2: Strikes out looking
Top of the 4th over - 0 run(s), 0 hit(s), 0 error(s), 0 left on base; Naperville 0 - Ellenburg 1
BOTTOM OF THE 4TH
Ellenburg Fighting Dachsunds batting - Pitching for Naperville Battlekings : RHP David Auchinleck
Batting: SHB Ken Osborne 0-0: Called Strike
0-1: Ball
1-1: Fly out, F8 (Flyball, 8LS)
Batting: RHB Anthony Johnston 0-0: Ball
1-0: SINGLE (Groundball, 34D)
Batting: LHB Matt Mitchell 0-0: Ball
1-0: SINGLE (Groundball, 4M)
Anthony Johnston to second
Batting: RHB Francisco Gonzáles 0-0: Ground out 4-3 (Groundball, 4M)
Anthony Johnston to third
Matt Mitchell to second
Batting: RHB Vicente Díaz 0-0: Called Strike
0-1: Foul Ball, location: 2F
0-2: Ball
1-2: SINGLE (Line Drive, 7LS)
Anthony Johnston scores
Matt Mitchell to third
Runner from 3rd tries for Home, SAFE, no throw or cutoff
Batting: LHB Maxwell Ings 0-0: Ball
1-0: Ball
Wild Pitch!
Vicente Díaz to second
2-0: Called Strike
2-1: Foul Ball, location: 2F
2-2: Foul Ball, location: 2F
2-2: Ground out 4-3 (Groundball, 13)
Bottom of the 4th over - 2 run(s), 3 hit(s), 0 error(s), 1 left on base; Naperville 0 - Ellenburg 3
TOP OF THE 5TH
Naperville Battlekings batting - Pitching for Ellenburg Fighting Dachsunds : RHP Greg Beaver
Batting: RHB Tony Sánchez 0-0: DOUBLE (Line Drive, 7LM)
Batting: SHB Avery Little 0-0: DOUBLE (Groundball, 3L)
Tony Sánchez scores
Batting: RHB Kevin Tyler 0-0: Called Strike
0-1: Ball
1-1: Ball
2-1: Called Strike
2-2: SINGLE (Groundball, 4MD)
Avery Little to third
Batting: LHB Mal Cobb 0-0: Ball
1-0: Foul Ball, location: 2F
1-1: Called Strike
1-2: Ball
2-2: Strikes out swinging
Batting: RHB Otso Tuulari 0-0: Called Strike
0-1: Foul Ball, location: 2F
0-2: Fly out, F3 (Popup, 3DF)
Batting: RHB Carlos Gómez 0-0: Ball
Pickoff Throw to First - Out!
Top of the 5th over - 1 run(s), 3 hit(s), 0 error(s), 0 left on base; Naperville 1 - Ellenburg 3
BOTTOM OF THE 5TH
Ellenburg Fighting Dachsunds batting - Pitching for Naperville Battlekings : RHP David Auchinleck
Batting: LHB Homer Bell 0-0: Ball
1-0: Ground out U3 (Groundball, 3L)
Batting: RHB Mike Neal 0-0: Called Strike
0-1: Ball
1-1: Foul Ball, location: 2F
1-2: Fly out, F7 (Popup, 5D)
Batting: LHB Chris West 0-0: Fly out, F7 (Flyball, 78M)
Bottom of the 5th over - 0 run(s), 0 hit(s), 0 error(s), 0 left on base; Naperville 1 - Ellenburg 3
TOP OF THE 6TH
Naperville Battlekings batting - Pitching for Ellenburg Fighting Dachsunds : RHP Greg Beaver
Batting: RHB Carlos Gómez 0-0: Ball
1-0: SINGLE (Groundball, 6MD) (infield hit)
Batting: RHB Sal Haynes 0-0: Ball
1-0: Ball
2-0: Called Strike
2-1: Foul Ball, location: 2F
2-2: Ball
3-2: SINGLE (Groundball, 3D)
Carlos Gómez to second
Runner from 2nd tries for 3rd, SAFE, throw made to third
Batting: LHB Vicente Martínez 0-0: Ball
1-0: Called Strike
1-1: Ball
2-1: Ball
3-1: Fielders Choice at 2nd, 3-6 (Groundball, 3)
Carlos Gómez scores
Batting: RHB Joe Ferneyhough 0-0: Called Strike
0-1: Ground out 5-3 (Groundball, 56S)
Vicente Martínez to second
Batting: RHB Tony Sánchez 0-0: SINGLE (Flyball, 6MD)
Vicente Martínez to third
Runner from 3rd tries for Home, SAFE, no throw or cutoff
Batting: SHB Avery Little 0-0: Called Strike
0-1: Ball
1-1: Swinging Strike
1-2: Foul Ball, location: 2F
1-2: Ball
2-2: Strikes out looking
Top of the 6th over - 2 run(s), 3 hit(s), 0 error(s), 1 left on base; Naperville 3 - Ellenburg 3
BOTTOM OF THE 6TH
Ellenburg Fighting Dachsunds batting - Pitching for Naperville Battlekings : RHP David Auchinleck
Batting: SHB Ken Osborne 0-0: Ground out 6-3 (Groundball, 6M)
Batting: RHB Anthony Johnston 0-0: Ball
1-0: Ball
2-0: Ball
3-0: Base on Balls
Batting: LHB Matt Mitchell 0-0: Foul Ball, location: 2F
0-1: Ball
1-1: Foul Ball, location: 2F
1-2: Ball
2-2: Grounds into double play, 1-6-3 (Groundball, 25)
Bottom of the 6th over - 0 run(s), 0 hit(s), 0 error(s), 0 left on base; Naperville 3 - Ellenburg 3
TOP OF THE 7TH
Naperville Battlekings batting - Pitching for Ellenburg Fighting Dachsunds : RHP Greg Beaver
Batting: RHB Kevin Tyler 0-0: Fly out, F2 (Popup, 23F)
Pinch Hitting: LHB Jim Unknown 0-0: Ball
1-0: Called Strike
1-1: Fly out, F5 (Popup, 5F)
Pinch Hitting: LHB Jim Unknown 0-0: Ball
1-0: Ground out 5-3 (Groundball, 5S)
Top of the 7th over - 0 run(s), 0 hit(s), 0 error(s), 0 left on base; Naperville 3 - Ellenburg 3
BOTTOM OF THE 7TH
Ellenburg Fighting Dachsunds batting - Pitching for Naperville Battlekings : RHP David Auchinleck
Now in CF: Jim Unknown
Now in RF: Jim Unknown
Batting: RHB Francisco Gonzáles 0-0: Ball
1-0: Foul Ball, location: 2F
1-1: Foul Ball, location: 2F
1-2: Ball
2-2: DOUBLE (Flyball, 7LM)
Batting: RHB Vicente Díaz 0-0: Foul Ball, location: 2F
0-1: Ball
1-1: Ground out 5-3 (Groundball, 56)
Batting: LHB Maxwell Ings 0-0: Called Strike
0-1: Ball
1-1: SINGLE (Line Drive, 56D)
Francisco Gonzáles to third
Batting: LHB Homer Bell 0-0: Called Strike
0-1: SINGLE (Line Drive, 6M)
Francisco Gonzáles scores
Maxwell Ings to second
Batting: RHB Mike Neal 0-0: Called Strike
0-1: Fly out, F4 (Popup, 4MD)
Batting: LHB Chris West 0-0: Ball
1-0: SINGLE (Line Drive, 6D)
Maxwell Ings to third
Homer Bell to second
Runner from 3rd tries for Home, SAFE, no throw or cutoff
Batting: SHB Ken Osborne 0-0: Fielders Choice at 2nd, U4 (Groundball, 4M)
Bottom of the 7th over - 2 run(s), 4 hit(s), 0 error(s), 2 left on base; Naperville 3 - Ellenburg 5
TOP OF THE 8TH
Naperville Battlekings batting - Pitching for Ellenburg Fighting Dachsunds : RHP Greg Beaver
Now at 1B: Jason Delaney
Now at SS: Fernando Díaz
Batting: RHB Carlos Gómez 0-0: Ball
1-0: Ball
2-0: Called Strike
2-1: Foul Ball, location: 2F
2-2: Foul Ball, location: 2F
2-2: SINGLE (Line Drive, 6M)
Batting: RHB Sal Haynes 0-0: Called Strike
0-1: Ball
1-1: Grounds into double play, 6-4-3 (Groundball, 6)
Batting: LHB Vicente Martínez 0-0: SINGLE (Flyball, 7LS)
Batting: RHB Joe Ferneyhough 0-0: Called Strike
0-1: Called Strike
0-2: SINGLE (Groundball, 56)
Vicente Martínez to second
Batting: RHB Tony Sánchez 0-0: Foul Ball, location: 2F
0-1: Ball
1-1: Called Strike
1-2: Fielders Choice at 2nd, 6-4 (Groundball, 6)
Top of the 8th over - 0 run(s), 3 hit(s), 0 error(s), 1 left on base; Naperville 3 - Ellenburg 5
BOTTOM OF THE 8TH
Ellenburg Fighting Dachsunds batting - Pitching for Naperville Battlekings : RHP David Auchinleck
Batting: RHB Anthony Johnston 0-0: Ball
1-0: Foul Ball, location: 2F
1-1: Foul Ball, location: 2F
1-2: Ball
2-2: Ball
3-2: Foul Ball, location: 2F
3-2: Ground out 1-3 (Groundball, 13)
Batting: LHB Matt Mitchell 0-0: SINGLE (Line Drive, 6MD)
Pitching: RHP William Taylor
Batting: RHB Francisco Gonzáles 0-0: Ball
1-0: Ball
2-0: Fly out, F6 (Line Drive, 6)
Batting: RHB Vicente Díaz 0-0: Ball
1-0: SINGLE (Line Drive, 6D)
Matt Mitchell to second
Batting: LHB Maxwell Ings 0-0: Ball
1-0: Ball
2-0: Swinging Strike
2-1: Ball
3-1: Foul Ball, location: 2F
3-2: Fly out, F8 (Flyball, 8LD)
Bottom of the 8th over - 0 run(s), 2 hit(s), 0 error(s), 2 left on base; Naperville 3 - Ellenburg 5
TOP OF THE 9TH
Naperville Battlekings batting - Pitching for Ellenburg Fighting Dachsunds : RHP Greg Beaver
Pitching: LHP Roberto Bruno
Now at C: Manny Guzmán
Now at 2B: Marc Pratt
Now in RF: Kenny Norton
Batting: SHB Avery Little 0-0: Called Strike
0-1: Ball
1-1: Foul Ball, location: 2F
1-2: Fly out, F9 (Flyball, 89M)
Batting: RHB Kevin Tyler 0-0: Ball
1-0: Called Strike
1-1: SINGLE (Groundball, 4MD)
Pinch Hitting: RHB Jim Unknown 0-0: Called Strike
0-1: Fly out, F9 (Line Drive, 89S)
Batting: LHB Jim Unknown 0-0: DOUBLE (Line Drive, 3L)
Kevin Tyler to third
Batting: RHB Carlos Gómez 0-0: Ball
1-0: Ball
2-0: Called Strike
Balk!
Kevin Tyler scores
Jim Unknown to third
2-1: Swinging Strike
2-2: Ball
3-2: Strikes out looking
Top of the 9th over - 1 run(s), 2 hit(s), 0 error(s), 1 left on base; Naperville 4 - Ellenburg 5
This league is powered by Out of the Park Baseball, the baseball management simulation game for PC, Mac and Linux
Friday, October 23rd, 2015 - OOTP Baseball 16.9 Build 39